Map: Ascension to Aiur LE

Players

LiquidTLO (TLO) - Winner!

  • Race: Zerg Zerg
  • Spawn Location: 11:00

Harstem

  • Race: Protoss Protoss
  • Spawn Location: 5:00

Event: WCS Jonkoping 2017

VOD

Have the link to the VOD?

Description

Time

  • Played on: June 17, 2017, 9:38 a.m.
  • Length: 15:52

All games in this series

Show
View Real Time Build Order
Export as new Build Order

LiquidTLO Zerg - Winner!

Build Orders: 3 Hatch before Pool, Muta Ling Bane 

Get SALT Encoding   

  12  0:01  Drone  
  13  0:12  Overlord  
  13  0:17  Drone  
  14  0:30  Drone  
  14  0:31  Drone  
  16  0:49  Hatchery  
  15  0:51  Drone  
  15  0:55  Drone  
  17  0:59  Drone  
  18  1:21  Hatchery  
  18  1:23  Drone  
  18  1:26  Drone  
  19  1:39  Spawning Pool  
  18  1:42  Drone  
  18  1:43  Extractor  
  18  1:46  Drone  
  19  1:50  Drone  
  20  2:00  Drone  
  20  2:01  Drone  
  22  2:13  Drone x2  
  24  2:26  Queen x2  
  28  2:32  Queen  
  28  2:34  Zergling x2  
  28  2:36  Zergling x2  
  32  2:38  Zergling x2  
  32  2:43  Metabolic Boost  
  33  2:49  Overlord  
  33  2:52  Drone  
  34  2:58  Extractor x2, Drone  
  34  2:59  Drone  
  36  3:08  Drone  
  36  3:11  Overlord  
  37  3:14  Overlord  
  37  3:16  Spore Crawler, Drone  
  37  3:18  Drone  
  38  3:22  Zergling x2  
  38  3:25  Overlord  
  39  3:27  Drone  
  39  3:30  Zergling x2  
  39  3:31  Drone  
  42  3:35  Drone  
  42  3:37  Extractor  
  42  3:38  Drone  
  42  3:40  Drone  
  45  3:42  Spore Crawler  
  45  3:44  Spore Crawler  
  45  3:46  Drone  
  45  3:48  Drone  
  45  3:53  Queen  
  45  3:55  Drone  
  48  3:56  Drone  
  48  3:59  Drone  
  48  4:01  Drone  
  52  4:02  Drone  
  52  4:04  Drone  
  52  4:07  Drone  
  52  4:08  Drone  
  52  4:09  Drone  
  56  4:12  Drone  
  56  4:13  Drone  
  58  4:18  Zergling x2  
  58  4:21  Zergling x4  
  58  4:23  Evolution Chamber  
  60  4:27  Queen  
  60  4:28  Zergling x4  
  60  4:30  Zergling x4  
  65  4:34  Zergling x2  
  65  4:37  Lair  
  65  4:39  Zergling x2  
  65  4:40  Overlord  
  66  4:46  Overlord  
  66  4:51  Overlord  
  66  4:54  Overlord  
  66  4:56  Roach Warren  
  66  4:59  Overlord  
  64  5:06  Spore Crawler, Drone  
  63  5:09  Drone  
  63  5:10  Drone x7  
  63  5:11  Zergling x2  
  72  5:16  Extractor x2, Zergling x2  
  72  5:17  Queen  
  73  5:22  Zergling x2, Overlord  
  73  5:23  Queen, Zergling x2  
  73  5:25  Zergling x2  
  73  5:26  Zergling x2  
  79  5:32  Zergling x2  
  79  5:34  Extractor  
  78  5:44  Drone  
  78  5:45  Drone x6  
  85  5:51  Extractor  
  85  5:52  Extractor  
  85  5:54  Queen x2  
  85  5:56  Zergling x10  
  90  5:59  Queen  
  79  6:13  Zergling x14  
  79  6:16  Zergling x2  
  79  6:18  Glial Reconstitution  
  78  6:28  Roach x3  
  78  6:29  Queen  
  78  6:30  Queen  
  88  6:33  Roach  
  88  6:36  Roach  
  88  6:37  Roach  
  94  6:42  Roach x3  
  94  6:43  Queen  
  104  6:47  Roach  
  104  6:51  Roach  
  104  6:53  Roach  
  97  7:03  Drone x3  
  97  7:05  Queen  
  97  7:08  Roach x5  
  103  7:09  Roach  
  103  7:10  Roach  
  103  7:13  Drone x2  
  103  7:15  Drone  
  112  7:23  Spire  
  112  7:26  Drone  
  112  7:38  Zerg Melee Weapons Level 1  
  112  7:42  Hatchery  
  111  7:44  Overlord x2  
  111  7:51  Drone x2  
  113  7:55  Overlord x2  
  113  8:05  Drone x2  
  109  8:20  Extractor  
  108  8:29  Drone  
  108  8:30  Drone  
  110  8:35  Mutalisk x7  
  110  8:36  Extractor, Mutalisk x6  
  110  8:40  Zerg Flyer Weapons Level 1  
  110  8:41  Drone  
  134  8:51  Drone  
  133  8:59  Drone  
  133  9:00  Infestation Pit, Drone x7  
  138  9:05  Drone, Hydralisk Den  
  138  9:06  Drone x5  
  138  9:07  Baneling Nest  
  142  9:10  Zergling x2  
  142  9:11  Zergling x6  
  142  9:16  Overlord  
  142  9:17  Overlord  
  146  9:18  Ravager x2  
  146  9:19  Ravager  
  146  9:20  Overseer  
  149  9:24  Overlord  
  149  9:25  Zergling x2  
  149  9:26  Zergling x2  
  149  9:28  Overlord  
  151  9:34  Zergling x2  
  151  9:35  Overlord  
  151  9:36  Zergling x8  
  156  9:41  Muscular Augments  
  156  9:44  Ravager  
  156  9:45  Ravager, Hydralisk  
  156  9:47  Spore Crawler  
  156  9:50  Centrifical Hooks  
  155  9:56  Hive  
  155  9:57  Zergling x2  
  155  9:59  Baneling x5  
  156  10:04  Hydralisk x3  
  162  10:10  Hydralisk x4  
  170  10:16  Hydralisk x3  
  170  10:20  Zergling x4  
  178  10:28  Overlord  
  167  10:43  Zergling x2  
  167  10:49  Zergling x24  
  177  10:50  Zergling x2  
  173  10:57  Zergling x2  
  173  10:58  Zergling x10  
  179  11:09  Greater Spire, Spine Crawler  
  179  11:11  Spine Crawler x2  
  177  11:12  Baneling x19  
  177  11:13  Ravager  
  177  11:16  Overseer x2  
  177  11:19  Zerg Melee Weapons Level 2  
  177  11:20  Adrenal Glands  
  177  11:23  Zergling x2  
  177  11:24  Zergling x20  
  186  11:25  Zergling x2  
  186  11:26  Zergling x2  
  186  11:28  Zergling x4  
  186  11:32  Zergling x2  
  186  11:35  Zergling x4  
  186  11:37  Zergling x8  
  186  11:38  Zergling x2  
  186  11:39  Zergling x2  
  167  11:41  Zergling x4  
  167  11:45  Zergling x2  
  161  11:47  Corruptor  
  161  11:49  Corruptor  
  162  11:55  Corruptor  
  162  11:57  Corruptor  
  162  12:00  Zergling x2  
  167  12:04  Corruptor  
  169  12:09  Corruptor x2  
  173  12:27  Spore Crawler, Hatchery  
  173  12:29  Corruptor x3  
  175  12:32  Overseer  
  175  12:34  Brood Lord  
  179  12:39  Brood Lord  
  179  12:44  Brood Lord x2  
  185  12:53  Brood Lord  
  185  12:54  Brood Lord  
  188  12:59  Zergling x4  
  188  13:00  Zergling x4  
  188  13:01  Brood Lord  
  188  13:02  Zergling x2  
  185  13:08  Zergling x2  
  185  13:09  Zergling x16  
  185  13:10  Zergling x2  
  193  13:21  Corruptor  
  193  13:23  Drone  
  198  13:27  Brood Lord  
  198  13:30  Baneling  
  198  13:31  Baneling x6  
  198  13:38  Zergling x10  
  199  13:44  Baneling x9  
  196  13:50  Zergling x2  
  197  14:03  Zergling x2  
  197  14:06  Spine Crawler  
  197  14:07  Spore Crawler  
  194  14:16  Zergling x2  
  185  14:17  Zergling x2  
  185  14:20  Zergling x2  
  185  14:21  Zergling x4  
  185  14:22  Zergling x4  
  178  14:27  Hydralisk x2  
  178  14:29  Hydralisk  
  169  14:33  Hydralisk x3  
  169  14:36  Hydralisk  
  151  14:39  Hydralisk x2  
  151  14:44  Hydralisk x9  
  158  14:45  Zergling x2  
  158  14:46  Drone  
  158  14:48  Hydralisk  
  149  14:53  Hydralisk  
  149  14:55  Zergling x6  
  149  14:56  Zergling x16  
  149  14:58  Zergling x2  
  149  14:59  Zergling x2  
  147  15:01  Zergling x2  
  147  15:05  Zergling x4  
  147  15:06  Zergling x2  
  142  15:10  Hydralisk  
  142  15:12  Hydralisk  
  142  15:14  Zergling x2  
  137  15:15  Zergling x2  
  137  15:17  Zergling x2  
  139  15:22  Hydralisk, Zergling x2  
  139  15:23  Zergling x2  
  144  15:28  Drone x2  
  144  15:29  Drone x2  
  144  15:34  Baneling  
  144  15:35  Baneling x7  
Show
View Real Time Build Order
Export as new Build Order

Harstem Protoss 

Build Orders: 1 Gate Expand, Zealot Archon, Dark Templar Rush 

Get SALT Encoding   

  12  0:01  Probe (Chrono Boost)  
  13  0:11  Probe (Chrono Boost)  
  14  0:18  Pylon  
  14  0:22  Probe (Chrono Boost)  
  15  0:36  Probe (Chrono Boost)  
  15  0:38  Gateway  
  16  0:46  Probe (Chrono Boost)  
  16  0:49  Assimilator  
  18  0:57  Probe (Chrono Boost)  
  18  1:07  Probe (Chrono Boost)  
  19  1:18  Probe (Chrono Boost)  
  20  1:24  Nexus  
  20  1:33  Cybernetics Core  
  20  1:37  Probe (Chrono Boost)  
  21  1:42  Assimilator  
  21  1:47  Probe (Chrono Boost)  
  21  1:52  Pylon  
  22  1:58  Probe (Chrono Boost)  
  23  2:10  Probe (Chrono Boost), Adept (Chrono Boost)  
  23  2:11  Warp Gate  
  26  2:20  Twilight Council  
  26  2:22  Probe  
  27  2:34  Probe (Chrono Boost), Adept (Chrono Boost)  
  27  2:35  Probe (Chrono Boost)  
  31  2:45  Probe (Chrono Boost)  
  31  2:48  Robotics Facility  
  31  2:51  Probe (Chrono Boost)  
  32  2:57  Probe (Chrono Boost)  
  34  3:02  Probe (Chrono Boost)  
  35  3:07  Probe (Chrono Boost)  
  37  3:12  Probe (Chrono Boost)  
  37  3:13  Dark Shrine  
  37  3:18  Probe (Chrono Boost)  
  38  3:23  Probe (Chrono Boost)  
  38  3:26  Gateway  
  39  3:28  Probe (Chrono Boost)  
  39  3:33  Probe (Chrono Boost)  
  39  3:34  Pylon  
  41  3:37  Warp Prism (Chrono Boost)  
  41  3:39  Probe  
  44  3:42  Probe  
  45  3:52  Mothership Core  
  45  3:53  Gateway  
  45  3:55  Gateway  
  47  3:57  Probe  
  47  4:02  Charge  
  48  4:03  Pylon  
  48  4:09  Probe  
  49  4:11  Probe  
  50  4:21  Probe  
  51  4:26  Probe  
  51  4:29  Dark Templar  
  52  4:31  Assimilator  
  52  4:34  Dark Templar  
  52  4:35  Probe, Assimilator  
  52  4:37  Pylon  
  55  4:40  Probe (Chrono Boost)  
  56  4:50  Probe (Chrono Boost)  
  57  4:54  Pylon, Nexus  
  57  5:10  Probe (Chrono Boost)  
  57  5:13  Zealot x2, Dark Templar x2  
  66  5:14  Probe (Chrono Boost)  
  66  5:16  Pylon  
  66  5:19  Archon  
  66  5:20  Archon  
  67  5:22  Probe (Chrono Boost)  
  67  5:23  Pylon  
  67  5:25  Probe (Chrono Boost)  
  67  5:26  Pylon  
  68  5:30  Forge  
  68  5:45  Probe (Chrono Boost)  
  68  5:48  Zealot x4  
  77  5:50  Probe (Chrono Boost)  
  77  5:51  Immortal (Chrono Boost)  
  77  5:53  Pylon  
  82  6:12  Probe (Chrono Boost)  
  82  6:16  Zealot x2  
  82  6:17  Zealot x2, Probe (Chrono Boost)  
  86  6:19  Probe, Protoss Ground Weapons Level 1 (Chrono Boost)  
  86  6:23  Probe  
  82  6:27  Probe  
  82  6:30  Immortal (Chrono Boost)  
  87  6:39  Zealot x2, Probe  
  91  6:40  Zealot x2, Probe  
  91  6:41  Probe  
  98  6:50  Probe  
  99  6:58  Probe x2  
  99  7:01  Probe  
  97  7:04  Assimilator  
  97  7:07  Assimilator  
  90  7:08  Probe  
  90  7:09  Zealot x4, Gateway  
  90  7:10  Probe  
  90  7:11  Probe, Gateway  
  101  7:15  Immortal (Chrono Boost)  
  101  7:19  Templar Archives  
  101  7:21  Gateway  
  99  7:25  Photon Cannon, Gateway  
  99  7:30  Pylon  
  99  7:31  Sentry  
  99  7:32  Pylon, Sentry x2  
  99  7:33  Zealot  
  99  7:36  Pylon  
  107  7:42  Probe  
  107  7:44  Photon Cannon  
  108  7:49  Probe  
  108  7:51  Photon Cannon  
  109  7:53  Warp Prism (Chrono Boost)  
  109  7:56  Dark Templar  
  109  7:57  Dark Templar  
  115  8:03  Archon  
  115  8:04  Probe  
  114  8:09  Zealot x2  
  118  8:20  Zealot x3  
  118  8:25  Immortal (Chrono Boost)  
  128  8:27  Zealot  
  128  8:30  Pylon, Psionic Storm  
  128  8:31  Probe  
  128  8:33  Pylon  
  131  8:38  High Templar x4  
  139  8:44  Photon Cannon  
  131  8:57  Nexus  
  131  8:59  Photon Cannon  
  131  9:03  Dark Templar x4  
  131  9:07  Archon x2  
  139  9:11  Pylon  
  139  9:12  Immortal (Chrono Boost)  
  143  9:17  Pylon  
  143  9:19  Pylon  
  143  9:31  Stalker x4  
  143  9:34  Probe  
  143  9:37  Photon Cannon  
  150  9:39  Mothership Core  
  152  9:46  Dark Templar x2  
  152  9:47  Dark Templar x2  
  160  9:54  Probe  
  160  9:58  Forge  
  160  9:59  Probe, Archon x2  
  161  10:01  Immortal (Chrono Boost)  
  166  10:18  Dark Templar x2  
  166  10:21  Dark Templar x3  
  172  10:23  Dark Templar  
  172  10:25  Probe  
  172  10:28  Probe (Chrono Boost), Archon x2  
  177  10:29  Pylon  
  177  10:35  Probe (Chrono Boost)  
  174  10:38  Probe x2 (Chrono Boost)  
  174  10:41  Probe (Chrono Boost)  
  176  10:43  Photon Cannon  
  176  10:45  Photon Cannon  
  176  10:47  Probe (Chrono Boost)  
  176  10:48  Photon Cannon  
  176  10:49  Photon Cannon  
  172  10:57  Stalker x2  
  172  10:58  Stalker  
  172  11:00  Zealot x3  
  172  11:01  Zealot  
  183  11:05  Probe (Chrono Boost)  
  183  11:06  Pylon  
  183  11:08  Pylon  
  183  11:10  Warp Prism, Archon  
  185  11:15  Stargate  
  185  11:22  High Templar x4  
  161  11:41  Zealot  
  161  11:42  Zealot x2  
  161  11:46  Probe (Chrono Boost)  
  152  11:47  Robotics Facility  
  152  11:48  Immortal (Chrono Boost)  
  152  11:50  Assimilator  
  152  11:53  Probe (Chrono Boost)  
  150  11:54  Protoss Ground Weapons Level 2 (Chrono Boost), Assimilator  
  150  11:57  Zealot x2, Dark Templar x2  
  153  12:08  Probe  
  154  12:15  Zealot x3, Pylon, Archon  
  160  12:24  Zealot x2, Fleet Beacon  
  160  12:25  Stargate  
  160  12:29  Observer (Chrono Boost)  
  165  12:35  Immortal (Chrono Boost)  
  165  12:36  Zealot x3  
  175  12:44  Pylon  
  175  12:49  High Templar x2  
  177  13:07  Zealot x4  
  177  13:08  Zealot  
  193  13:18  Tempest x2 (Chrono Boost)  
  191  13:24  Stargate  
  187  13:46  Probe  
  182  13:54  Zealot x2  
  182  13:55  Zealot x5  
  195  14:02  Tempest (Chrono Boost)  
  146  14:30  Zealot x5  
  138  14:34  Tempest (Chrono Boost)  
  138  14:36  Tempest (Chrono Boost)  
  104  14:54  High Templar  
  104  14:55  High Templar x4  
  104  14:59  Warp Prism (Chrono Boost)  
  103  15:07  Nexus  
  88  15:29  High Templar x4  
  88  15:30  Zealot  
  88  15:32  Gateway  
  88  15:34  Archon  
  88  15:35  Archon  
  98  15:49  Archon  
Tags
 
Add a new tag
Caveats
  • Supply blocks, unpowered buildings, or Contaminate may cause inaccurate times.
  • Supply counts are checked every 10 seconds.